 Dungeon Crawl Stone Soup version 0.19.1-1-g22dce08 (webtiles) character file.

126 ogge1122 the Conjurer (level 5, -3/32 HPs)
             Began as an Octopode Conjurer on Jan 17, 2017.
             Was an Initiate of Gozag.
             Slain by a gnoll
             ... wielding a +0 halberd
              (7 damage)
             ... on level 3 of the Dungeon.
             The game lasted 00:28:05 (2702 turns).

ogge1122 the Conjurer (Octopode Conjurer)           Turns: 2702, Time: 00:28:06

Health: -3/32      AC:  1    Str:  7    XL:     5   Next: 9%
Magic:  0/24       EV: 14    Int: 18    God:    Gozag
Gold:   299        SH:  0    Dex: 13    Spells: 2 memorised, 5 levels left

rFire  + . .     SeeInvis .     y - staff of power
rCold  . . .     Gourm    .     (no shield)
rNeg   . . .     Faith    .     (helmet restricted)
rPois  .         Spirit   +     v - amulet of guardian spirit
rElec  .         Reflect  .     g - ring of flight
rCorr  .         Harm     .     E - ring of protection from fire
MR     .....                    (no ring)
Stlth  +++.......               (no ring)
                                (no ring)
                                (no ring)
                                (no ring)
                                (no ring)

@: no status effects
A: almost no armour, stealthy swim, amphibious, 8 rings, constrict 8, camouflage
1, gelatinous body 1
a: Potion Petition, Call Merchant, Bribe Branch, Renounce Religion, Evoke Flight


You were on level 3 of the Dungeon.
You worshipped Gozag.
Gozag was aware of your devotion.
You were not hungry.

You visited 1 branch of the dungeon, and saw 3 of its levels.

You collected 299 gold pieces.

Inventory:

Hand Weapons
 c - a +2 spear of venom
 f - a +0 short sword
 h - a +0 dagger
 i - a +0 club {help}
 l - a +0 dagger
 n - a +0 dagger
 x - a +0 dagger
 z - a +3 whip
 B - a +0 short sword
 G - a +0 dagger
 H - a +0 hunting sling
Missiles
 d - 23 bolts
 e - 153 stones
 o - 26 arrows
 p - 4 tomahawks (quivered)
Armour
 F - a +0 ring mail
 I - a +1 cloak
Magical Staves
 y - an uncursed staff of power (weapon)
Jewellery
 g - a ring of flight (left tentacle)
 v - an amulet of guardian spirit (around mantle)
 E - a ring of protection from fire (right tentacle)
Wands
 C - a wand of iceblast (6/15)
Scrolls
 j - 3 scrolls of enchant armour {unknown}
 k - 2 scrolls of magic mapping {unknown}
 r - 2 scrolls of teleportation {unknown}
 J - 6 scrolls of remove curse {unknown}
 K - a scroll of identify
 L - a scroll of fear {unknown}
 M - a scroll of recharging {unknown}
Potions
 m - 2 potions of flight {unknown}
 q - 2 potions of curing {unknown}
 s - 2 potions of cure mutation {unknown}
 t - 3 potions of ambrosia {unknown}
 u - a potion of degeneration {unknown}
 w - a potion of brilliance {unknown}
 A - a potion of haste {unknown}
 D - a potion of cancellation {unknown}
Books
 a - a book of Conjurations

   Spells                             Type                      Level
   a - Magic Dart                     Conjuration                  1
   b - Searing Ray                    Conjuration                  2
   c - Dazzling Spray                 Conjuration/Hexes            3
   d - Fulminant Prism                Conjuration/Hexes            4
   e - Iskenderun's Mystic Blast      Conjuration                  4
   f - Iskenderun's Battlesphere      Conjuration/Charms           5
Comestibles
 b - 3 bread rations


   Skills:
 + Level 0.8 Fighting
 + Level 0.8(1.0) Polearms
 + Level 0.8(1.0) Staves
 + Level 2.9 Dodging
 + Level 3.2 Stealth
 + Level 2.6 Spellcasting
 + Level 4.8 Conjurations
 + Level 0.2 Evocations


You had 5 spell levels left.
You knew the following spells:

 Your Spells              Type           Power        Failure   Level  Hunger
a - Magic Dart            Conj           ###.         2%          1    #......
b - Dazzling Spray        Conj/Hex       ##....       21%         3    ###....


Dungeon Overview and Level Annotations

Branches:
Dungeon (3/15)

Altars:
Ashenzari
Cheibriados
Gozag
Nemelex Xobeh
Trog


Innate Abilities, Weirdness & Mutations

You cannot wear most types of armour.
You are very stealthy in the water. (Stealth+)
You are amphibious.
You can wear up to eight rings at the same time.
You can use your tentacles to constrict eight enemies at once.
Your skin changes colour to match your surroundings (Stealth+).
Your rubbery body absorbs attacks. (AC +1, EV +1)


Message History

The gnoll is severely wounded.
You constrict the gnoll.
The gnoll hits you from afar with an enchanted spear.
The gnoll hits you with a spear.
The gnoll hits you from afar with a halberd!
* * * LOW HITPOINT WARNING * * *
You release your grip on the gnoll.
The gnoll hits you from afar with a spear.
* * * LOW HITPOINT WARNING * * *
The gnoll throws a throwing net.
The throwing net closely misses you.
You see here a throwing net.
Casting: Magic Dart
Confirm with . or Enter, or press ? or * to list all spells.
Aiming: Magic Dart
Press: ? - help, Shift-Dir - straight line The magic dart hits the gnoll.
That item cannot be evoked!
The gnoll hits you from afar with a halberd!
You die...
Your body crumbles into a pile of gold.

###########
#.........#
#..@......#
#.........#
#....g....#
#..g......#
####
#.........#
###..#
####g.#####
###....#
##..#
....##.#
##...#
.#####.#
#..#.#


You could see 3 gnolls.

Vanquished Creatures
  5 adders
  An ooze (D:2)
  5 worms
  3 dart slugs
  A leopard gecko (D:2)
  An orc (D:2)
  3 giant cockroaches
  4 goblins
  3 hobgoblins
  6 jackals
  A quokka (D:2)
  6 bats
  2 frilled lizards (D:1)
  8 kobolds
  6 rats
55 creatures vanquished.

Notes
Turn   | Place    | Note
-------+----------+-------------------------------------------
     0 | D:1      | ogge1122 the Octopode Conjurer began the quest for the Orb.
     0 | D:1      | Reached XP level 1. HP: 11/11 MP: 3/3
   290 | D:1      | Reached XP level 2. HP: 11/17 MP: 5/5
   512 | D:1      | Reached XP level 3. HP: 7/21 MP: 4/6
  1036 | D:2      | Learned a level 3 spell: Dazzling Spray
  1133 | D:2      | Found a faded altar of an unknown god.
  1165 | D:2      | Became a worshipper of Gozag Ym Sagoz the Greedy
  1309 | D:2      | Reached XP level 4. HP: 27/27 MP: 7/7
  1586 | D:2      | Found a bloodstained altar of Trog.
  1802 | D:2      | Found a shattered altar of Ashenzari.
  1815 | D:2      | Found a snail-covered altar of Cheibriados.
  1832 | D:2      | Found a sparkling altar of Nemelex Xobeh.
  2566 | D:3      | Reached XP level 5. HP: 32/32 MP: 9/9
  2677 | D:3      | HP: 1/32 [gnoll/spear (1)]
  2702 | D:3      | Slain by a gnoll

Skill      XL: |  1  2  3 |
---------------+----------+-----
Stealth        | 3 |  3.2
Fighting       | |  0.8
Polearms       | |  0.8
Staves         | |  0.8
Dodging        | |  2.9
Spellcasting   | |  2.6
Conjurations   | |  4.8
Evocations     | |  0.2

Action                   |  1- 3 |  4- 6 || total
-------------------------+-------+-------++-------
Melee: Spear             |    38 |       ||    38
       Constrict         |    17 |     9 ||    26
       Unarmed           |     5 |       ||     5
       Tentacles         |     6 |     6 ||    12
       Staff             |     2 |    36 ||    38
Throw: Tomahawk          |       |     1 ||     1
 Cast: Magic Dart        |    30 |    56 ||    86
       Dazzling Spray    |     4 |       ||     4
Invok: Potion Petition   |       |     1 ||     1
 Abil: Evoke Flight      |     1 |       ||     1
  Use: Scroll            |     1 |       ||     1
       Potion            |     1 |       ||     1
 Stab: Sleeping          |     1 |     1 ||     2
  Eat: Beef jerky        |     1 |       ||     1
       Chunk             |     1 |       ||     1
       Bread ration      |       |     1 ||     1
Armor: Skin              |    17 |     6 ||    23
Dodge: Dodged            |    54 |    37 ||    91
